 Dungeon Crawl Stone Soup version 0.29-a0-609-gb56f46d856 (webtiles) character file.

Game seed: 7292275945184639867

617931 Ijustatesigmund the Petrodigitator (level 27, -17/173 HPs)
             Began as a Gargoyle Earth Elementalist on June 14, 2022.
             Was the Champion of Cheibriados.
             Killed from afar by an ancient lich (61 damage)
             ... with a crystal spear
             ... on level 5 of the Realm of Zot on June 16, 2022.
             The game lasted 05:03:00 (90705 turns).

Ijustatesigmund the Petrodigitator (GrEE)          Turns: 90705, Time: 05:03:01

Health: -17/173    AC: 53    Str: 29    XL:     27
Magic:  5/41       EV: 16    Int: 42    God:    Cheibriados [******]
Gold:   3768       SH: 16    Dex: 29    Spells: 2/53 levels left

rFire   + + +      SeeInvis +   L - +9 demon whip (vamp)
rCold   + . .      Faith    .   F - +2 buckler {rC+}
rNeg    + . .      Spirit   .   Q - +7 fire dragon scales
rPois   ∞          Reflect  +   Z - +3 crown of Dyrovepreva {rElec Int+2 SInv}
rElec   +          Harm     .   S - +2 cloak "Wism" {Drain Will+ rCorr Dex+4}
rCorr   +          Rampage  .   a - +2 pair of gloves
Will    +++..                   Y - +2 pair of boots of Integrity {rF+}
Stlth   ++........              u - amulet of reflection
HPRegen 0.00/turn               i - ring of magical power
MPRegen 0.27/turn               m - ring "Huontead" {rPois rC+ AC+4 Str+3}

@: on berserk cooldown, flying, very slightly contaminated, inhibited regen,
slowed, studying 2 skills, unable to read, very slow
A: sickness immunity, AC +20, big wings, negative energy resistance 1,
electricity resistance, torment resistance 1, petrification resistance, deformed
body, deterioration 2, dopey 2, low MP 2, inhibited regeneration, weak 1,
subdued magic 1, inability to read while threatened
}: 4/15 runes: decaying, serpentine, slimy, silver
a: Renounce Religion, Bend Time, Temporal Distortion, Slouch, Step From Time


You were on level 5 of the Realm of Zot.
You worshipped Cheibriados.
Cheibriados was exalted by your worship.
You visited 11 branches of the dungeon, and saw 54 of its levels.
You visited the Abyss 1 time.
You also visited: Trove, Sewer and Ice Cave.

You collected 7294 gold pieces.
You spent 3526 gold pieces at shops.

Inventory:

Hand Weapons
 I - a +4 demon whip of venom
 L - a +9 vampiric demon whip (weapon)
Armour
 a - a +2 pair of gloves (worn)
 w - the +4 helmet of the First Snow {rC+++ Will+ Int-4}
   (You acquired it on level 1 of the Snake Pit)

   Int:       It affects your intelligence (-4).
   rC:        It renders you almost immune to cold.
   Will:      It increases your willpower.
 A - a +3 kite shield of reflection
 F - a +2 buckler of cold resistance (worn)
 Q - +7 fire dragon scales (worn)
 S - the +2 cloak "Wism" (worn) {Drain Will+ rCorr Dex+4}
   (You acquired it on level 3 of the Lair of Beasts)

   Dex:       It affects your dexterity (+4).
   rCorr:     It protects you from acid and corrosion.
   Drain:     It drains your maximum health when unequipped.
   Will:      It increases your willpower.
 Y - the +2 pair of boots of Integrity (worn) {rF+}
   (You found it on level 1 of the Orcish Mines)

   rF:        It protects you from fire.
 Z - the +3 crown of Dyrovepreva (worn) {rElec Int+2 SInv}
   (You found it on level 3 of the Depths)

   Int:       It affects your intelligence (+2).
   rElec:     It insulates you from electricity.
   SInv:      It lets you see invisible.
Jewellery
 i - a ring of magical power (left hand)
 k - the ring of the Meager God {rF+ Will+ rCorr}
   (You took it off a deep elf zephyrmancer on level 3 of the Elven Halls)

   [ring of resist corrosion]

   rF:        It protects you from fire.
   rCorr:     It protects you from acid and corrosion.
   Will:      It increases your willpower.
 m - the ring "Huontead" (right hand) {rPois rC+ AC+4 Str+3}
   (You found it on level 3 of the Dungeon)

   [ring of protection]

   AC:        It affects your AC (+4).
   Str:       It affects your strength (+3).
   rC:        It protects you from cold.
   rPois:     It protects you from poison.
 o - a ring of wizardry
 r - a ring of magical power
 u - an amulet of reflection (around neck)
 C - an amulet of the acrobat
 R - a ring of wizardry
 X - a ring of positive energy
Wands
 e - a wand of mindburst (3)
 n - a wand of quicksilver (2)
 p - a wand of polymorph (11)
 s - a wand of flame (3)
 t - a wand of iceblast (20)
 y - a wand of digging (8)
 K - a wand of acid (3)
 U - a wand of charming (24)
Scrolls
 b - 5 scrolls of blinking
 c - 4 scrolls of poison
 x - 6 scrolls of magic mapping
 B - 5 scrolls of silence
 D - a scroll of summoning
 G - 7 scrolls of immolation
 N - 7 scrolls of teleportation
 O - 9 scrolls of amnesia
 P - 3 scrolls of fear
 T - 2 scrolls of torment
 V - 7 scrolls of fog
Potions
 d - 8 potions of resistance
 h - a potion of magic
 j - 2 potions of invisibility
 l - 12 potions of attraction
 q - 10 potions of might
 v - 6 potions of cancellation
 z - 17 potions of curing
 E - 6 potions of mutation
 H - 7 potions of brilliance
 J - 4 potions of ambrosia
 M - a potion of berserk rage
 W - 5 potions of heal wounds
Miscellaneous
 f - a phantom mirror
 g - a condenser vane


   Skills:
 + Level 18.1 Fighting
 - Level 7.1(10.5) Axes
 - Level 13.0(13.8) Maces & Flails
 - Level 12.2 Armour
 - Level 6.7 Dodging
 - Level 5.3 Stealth
 + Level 13.6 Shields
 - Level 13.6 Spellcasting
 - Level 16.9 Conjurations
 - Level 14.5 Summonings
 - Level 4.4 Transmutations
 + Level 13.0 Fire Magic
 O Level 27 Earth Magic
 - Level 14.5 Invocations
 - Level 12.2 Evocations


You had 2 spell levels left.
You knew the following spells:

 Your Spells              Type           Power      Damage    Failure   Level
a - Lee's Rapid Deconstr  Erth           57%        3d28*     0%          5
b - Stone Arrow           Conj/Erth      100%       3d13      0%          3
c - Passwall              Tmut/Erth      74%        N/A       0%          2
d - Iron Shot             Conj/Erth      52%        9d10      1%          6
e - Irradiate             Conj/Tmut      37%        3d25      1%          5
f - Spellforged Servitor  Conj/Summ      44%        N/A       2%          7
g - Lehudib's Crystal Sp  Conj/Erth      52%        10d12     1%          8
h - Shatter               Erth           57%        3d43*     3%          9
i - Starburst             Conj/Fire      43%        6d12      1%          6

Your spell library contained the following spells:

 Spells                   Type           Power      Damage    Failure   Level
 Magic Dart               Conj           100%       1d8       0%          1
 Sandblast                Erth           100%       2d20      0%          1
 Call Imp                 Summ           86%        N/A       0%          2
 Scorch                   Fire           100%       2d10      0%          2
 Searing Ray              Conj           100%       2d8       0%          2
 Beastly Appendage        Tmut           100%       N/A       1%          1
 Freeze                   Ice            84%        1d10      1%          1
 Slow                     Hex            84%        N/A       1%          1
 Sting                    Tmut/Pois      100%       1d8       1%          1
 Static Discharge         Conj/Air       67%        N/A       1%          2
 Wereblood                Tmut           50%        N/A       1%          2
 Ensorcelled Hibernation  Hex/Ice        42%        N/A       2%          2
 Poisonous Vapours        Pois/Air       42%        N/A       2%          2
 Call Canine Familiar     Summ           86%        N/A       0%          3
 Conjure Flame            Conj/Fire      87%        6-21      0%          3
 Animate Armour           Summ/Erth      100%       N/A       0%          4
 Inner Flame              Hex/Fire       59%        N/A       1%          3
 Mephitic Cloud           Conj/Pois/Air  55%        N/A       1%          3
 Flame Wave               Conj/Fire      87%        2d15      1%          4
 Fulminant Prism          Conj/Hex       33%        3d16      1%          4
 Hailstorm                Conj/Ice       67%        3d14      1%          4
 Iskenderun's Mystic Bla  Conj/Tloc      67%        2d14      1%          4
 Leda's Liquefaction      Hex/Erth       41%        N/A       1%          4
 Petrify                  Tmut/Erth      89%        N/A       1%          4
 Sticky Flame             Conj/Fire      87%        2d10      1%          4
 Summon Ice Beast         Ice/Summ       62%        N/A       1%          4
 Iskenderun's Battlesphe  Conj           93%        2d14      1%          5
 Summon Cactus Giant      Summ           43%        N/A       1%          6
 Orb of Destruction       Conj           46%        9d12      1%          7
 Spider Form              Tmut/Pois      36%        N/A       2%          3
 Summon Forest            Summ/Tloc      31%        N/A       2%          5
 Monstrous Menagerie      Summ           43%        N/A       4%          7
 Summon Hydra             Summ           43%        N/A       4%          7
 Freezing Cloud           Conj/Ice/Air   27%        6-21      5%          5
 Confusing Touch          Hex            21%        N/A       6%          3
 Frozen Ramparts          Ice            42%        1d6       6%          3
 Lesser Beckoning         Tloc           21%        N/A       6%          3
 Ozocubu's Armour         Ice            21%        N/A       6%          3
 Portal Projectile        Hex/Tloc       42%        N/A       6%          3
 Swiftness                Air            21%        N/A       6%          3
 Tukima's Dance           Hex            21%        N/A       6%          3
 Vampiric Draining        Necr           21%        2d7       6%          3
 Blade Hands              Tmut           25%        N/A       10%         5
 Conjure Ball Lightning   Conj/Air       33%        3x3d11    10%         6
 Animate Dead             Necr           21%        N/A       22%         4
 Cause Fear               Hex            10%        N/A       22%         4
 Dispel Undead            Necr           21%        3d11      22%         4
 Olgreb's Toxic Radiance  Pois           21%        N/A       22%         4
 Passage of Golubria      Tloc           21%        N/A       22%         4
 Yara's Violent Unravell  Hex/Tmut       18%        3d9       24%         5
 Metabolic Englaciation   Hex/Ice        10%        N/A       52%         5
 Ignition                 Fire           41%        3d12      56%         8
 Haunt                    Necr/Summ      31%        N/A       69%         7
 Eringya's Noxious Bog    Tmut/Pois      18%        N/A       80%         6
 Dispersal                Tloc           10%        N/A       98%         6
 Simulacrum               Ice/Necr       10%        N/A       98%         6
 Fire Storm               Conj/Fire      43%        8d11      99%         9
 Ozocubu's Refrigeration  Ice            10%        4d7       100%        7
 Storm Form               Tmut/Air       18%        N/A       100%        7
 Discord                  Hex            10%        N/A       100%        8
 Infestation              Necr           10%        N/A       100%        8
 Maxwell's Capacitive Co  Air            10%        ∞         100%        8
 Chain Lightning          Conj/Air       33%        3d44      100%        9
 Polar Vortex             Ice            10%        N/A       100%        9
 Sublimation of Blood     Necr           Unusable   N/A       N/A         2
 Statue Form              Tmut/Erth      Unusable   N/A       N/A         6

Dungeon Overview and Level Annotations

Branches:
Dungeon (15/15)            Temple (1/1) D:7            Lair (6/6) D:11
  Swamp (4/4) Lair:4        Snake (4/4) Lair:3        Slime (5/5) Lair:5
    Orc (2/2) D:11            Elf (3/3) Orc:2        Vaults (5/5) D:14
  Crypt (0/3) Vaults:3     Depths (4/4) D:15            Zot (5/5) Depths:4
  Sewer (visited)           IceCv (visited)

Altars:
Ashenzari
Cheibriados
Dithmenos
Elyvilon
Fedhas
Gozag
Hepliaklqana
Kikubaaqudgha
Makhleb
Nemelex Xobeh
Okawaru
Qazlal
Ru
Sif Muna
Trog
Uskayaw
Vehumet
Wu Jian
Xom
Yredelemnul
Zin
The Shining One
Beogh
Jiyva
Lugonu

Shops:
D:10 ?(([   D:12 (   D:15 [[   Orc:2 !?(:   Elf:1 !*   Elf:2 :   Elf:3 (
Vaults:3 ?

Portals:
Hell: Depths:1 Depths:2 Depths:3 Depths:4
Abyss: Lair:6 Depths:3 Depths:4
Pandemonium: Depths:1 Depths:2
Ziggurat: Depths:4

Annotations:
Depths:2 2 runed translucent doors, Amohu's ghost, veteran MiBe


Innate Abilities, Weirdness & Mutations

You are immune to sickness and miasma.
Your stone body is resilient. (AC +20)
You are immune to poison.
Your large and strong wings let you fly.
You resist negative energy. (rN+)
You are resistant to electric shocks. (rElec)
You are resistant to unholy torment.
You are immune to petrification.
Armour fits poorly on your strangely shaped body.
Your body often deteriorates upon taking damage.
You are very dopey. (Int -4)
Your magical capacity is very low. (-20% MP)
You do not regenerate when monsters are visible.
You are weak. (Str -2)
Your spells are a little easier to cast, but a little less powerful.
You sometimes lose the ability to read scrolls when taking damage.


Message History

You barely miss the ancient lich.
The ancient lich is heavily damaged.
The ancient lich touches you but does no damage.
You whack the ancient lich!
The ancient lich is severely damaged.
The ancient lich touches you but does no damage. x2
You whack the ancient lich!
The ancient lich is severely damaged.
The ancient lich points at you and mumbles some strange words.
The crystal spear hits you!!!
You feel threatened and lose the ability to read scrolls!
* * * LOW HITPOINT WARNING * * *
You are too injured to fight recklessly!
You are too injured to fight recklessly!
You are too injured to fight recklessly!
You are too injured to fight recklessly!
You are too injured to fight recklessly!
You are too injured to fight recklessly!
You are too injured to fight recklessly!
You are too injured to fight recklessly!
You are too injured to fight recklessly!
You are too injured to fight recklessly!
You are too injured to fight recklessly!
You are too injured to fight recklessly!
You are too injured to fight recklessly!
You are too injured to fight recklessly!
You are too injured to fight recklessly!
You are too injured to fight recklessly!
You hit the ancient lich but do no damage.
The ancient lich is severely damaged.
The ancient lich touches you but does no damage.
You hit the ancient lich but do no damage.
The ancient lich is severely damaged.
The ancient lich touches you.
* * * LOW HITPOINT WARNING * * *
You hit the ancient lich but do no damage.
The ancient lich is severely damaged.
The ancient lich casts a spell at you. The crystal spear hits you!!!
You die...

*#.............## **,,,,,,,,,,,,
#.............# **,,,,,,,,,,,,,
##...........## *,,,,,,,,,,,,,,
#...........# *,,,^,,,,,,,,,,
*#...........## *,,,,,,,,,,,,,,
#.............# *,,,,,,,,,,,,,,
*#.............## *,,,,,,,,,,^,,,
*,,..........(†.##*,,,,,,,,,,,,,^
,,^*##########..@###,,,,,,,,,,,,,
,,** ##.L..#*,,,,,,,,,,,, ***
###...^....,,,,,,,, *
#▓▓▓▓▓▓▓▓*****,,,
****,,,,,,,,^,,, **
***,,,,,,,,,,,,,,, ,**
**,,,,,,,,,,,,,,,,, ,,* *********
*,,^,,,,,,,,,,,,,,,
,,***,,,,,,,***,,,,,,,,,,,,,,,,,,


You could see an ancient lich (fast).

Vanquished Creatures
  the Royal Jelly (Slime:5)
  A dread lich (Abyss:4)
  4 orbs of fire
  An ancient lich (Vaults:5)
  A juggernaut (Depths:3)
  A Killer Klown (Zot:4)
  2 curse toes
  A caustic shrike (Depths:2)
  6 golden dragons
  the Enchantress (Depths:2)
  2 bone dragons
  19 tentacled monstrosities
  Jorgrun (Elf:1)
  A hellephant (Depths:4)
  4 liches
  The ghost of Sat the Victor of a Thousand Battles, an adept DsGl of Okawaru (Swamp:4)
  Mlioglotl (Swamp:2)
  13 titans
  9 quicksilver dragons
  4 Orb Guardians (Zot:5)
  3 deep elf master archers (Elf:3)
  18 acid blobs
  3 deep elf blademasters
  An acid blob (shapeshifter) (Vaults:5)
  8 tentacled starspawn
  5 sphinxes
  A daeva (Abyss:3)
  5 death cobs
  Donald (Vaults:2)
  5 tengu reavers
  6 shadow dragons
  9 storm dragons
  12 azure jellies
  A fenstrider witch (Swamp:1)
  3 draconian monks
  The ghost of Johnny the Shatterer, a journeyman TrBe of Trog (Orc:1)
  8 nagarajas
  Roxanne (Swamp:3)
  7 draconian knights
  7 rockslimes
  10 fire giants
  11 frost giants
  An orc warlord (Orc:2)
  A rockslime (shapeshifter) (Vaults:5)
  The ghost of Helaemn the Devastator, an adept TeAE of Vehumet (Depths:4)
  2 iron dragons (Vaults:5)
  6 deep elf sorcerers
  4 draconian scorchers
  2 cacodemons (Abyss:4)
  18 vault wardens
  A juggernaut zombie (Abyss:2)
  3 draconian stormcallers (Zot:4)
  The ghost of Lyvi the Spry, a journeyman DsBe of Trog (D:15)
  Aizul (Swamp:2)
  A deep elf elementalist (Elf:3)
  A ghost moth (Zot:3)
  The ghost of Xenipam the Worldbinder, a journeyman BaSu of Hepliaklqana (Swamp:1)
  Louise (Swamp:3)
  3 draconian shifters
  3 spriggan defenders (Depths:2)
  A ghoul (Swamp:4)
  14 very ugly things
  21 ironbound preservers
  3 draconian annihilators
  2 war gargoyles
  7 ironbound thunderhulks
  2 reapers
  12 quicksilver oozes
  A vampire knight (Depths:2)
  14 black draconians
  2 deep elf demonologists
  15 stone giants
  Nessos (Lair:4)
  A lorocyproca (Abyss:4)
  11 green draconians
  11 red draconians
  10 deep elf annihilators
  4 eleionomae
  2 entropy weavers
  6 white draconians
  9 yellow draconians
  A bunyip (shapeshifter) (Depths:2)
  4 dire elephants (Vaults:2)
  12 purple draconians
  5 crystal guardians (Depths:3)
  A bunyip (Swamp:1)
  A green death (Depths:1)
  21 ettins
  7 deep elf death magi
  7 jiangshi
  8 fire dragons
  9 deep elf high priests
  A shambling mangrove (Swamp:4)
  24 hydras
  7 rakshasas
  8 great orbs of eyes
  30 vault guards
  12 yaktaur captains
  3 boulder beetles
  6 spriggan air magi
  3 ice dragons (Depths:2)
  A ghost crab (Swamp:1)
  2 peacekeepers
  4 ogre magi
  2 caustic shrike simulacra
  3 centaur warriors
  2 salamander tyrants
  8 anacondas
  A catoblepas (D:14)
  A hydra (shapeshifter) (Vaults:5)
  11 ironbound frosthearts
  13 naga warriors
  14 alligators
  17 two-headed ogres
  A death knight (Abyss:3)
  6 death yaks
  4 tengu warriors
  A satyr (shapeshifter) (Depths:3)
  5 spriggan berserkers
  10 deep troll shamans
  An orc high priest (Orc:1)
  A vampire mage (Depths:3)
  3 hell hogs (Depths:4)
  17 dancing weapons
  6 shock serpents
  5 deep troll earth magi
  17 thrashing horrors
  Nergalle (Lair:3)
  13 naga sharpshooters
  The ghost of stabb the Thaumaturge, a novice DsFE of Sif Muna (Orc:2)
  11 deep elf knights
  13 hell knights
  19 spriggans
  Sonja (D:11)
  A sun demon (Abyss:4)
  7 iron trolls
  A skeletal warrior (Abyss:3)
  5 wretched stars
  8 salamander mystics
  7 goliath frogs
  A spatial maelstrom (Abyss:4)
  7 spriggan druids
  2 sixfirhies
  77 deep trolls
  16 large abominations
  7 bog bodies
  A shadow wraith (Abyss:2)
  15 lindwurms
  2 flayed ghosts
  10 swamp dragons
  3 glowing orange brains
  An orb spider (shapeshifter) (Vaults:5)
  An orange crystal statue (Depths:3)
  4 naga ritualists
  8 deep elf archers
  23 ironbound convokers
  8 phantasmal warriors
  10 mana vipers
  A mana viper (shapeshifter) (Depths:3)
  10 wizards
  14 deep elf pyromancers
  A wolf spider (D:15)
  3 necromancers
  23 deep elf zephyrmancers
  35 ugly things
  7 orc knights
  5 orc sorcerers
  2 will-o-the-wisps
  24 moths of wrath
  5 shining eyes
  A worldbinder (Abyss:2)
  12 salamanders
  5 manticores
  3 centaur zombies (D:15)
  A moth of wrath (shapeshifter) (Vaults:5)
  19 naga magi
  20 elephants
  5 cyclopes
  2 ice statues (IceCv)
  29 black mambas
  A molten gargoyle (Swamp:4)
  2 guardian serpents
  15 vault sentinels
  3 apocalypse crabs
  2 gargoyles
  8 smoke demons
  6 eyes of devastation
  2 orange demons
  A cane toad (shapeshifter) (Vaults:5)
  A demonic crawler (Abyss:4)
  An unseen horror (D:11)
  A torpor snail (Lair:6)
  A guardian serpent (shapeshifter) (D:14)
  18 cane toads
  8 rime drakes
  3 efreet
  6 kobold demonologists
  10 komodo dragons
  29 yaktaurs
  A yaktaur (shapeshifter) (D:14)
  4 freezing wraiths
  11 ice devils
  A tengu conjurer (Depths:1)
  2 hellwings
  3 harpy zombies
  A queen bee (Lair:3)
  3 ancient zymes
  2 bloated husks (Swamp:2)
  A meliai (shapeshifter) (Vaults:5)
  A polar bear (Lair:1)
  8 trolls
  A polar bear (shapeshifter) (D:15)
  A red devil (Depths:2)
  A wolf spider simulacrum (D:14)
  8 tyrant leeches
  A harpy skeleton (Abyss:4)
  101 slime creatures
  14 hornets
  A tarantella (Vaults:4)
  33 blink frogs
  Prince Ribbit (D:8)
  2 dream sheep (shapeshifter)
  12 raiju
  A sphinx simulacrum (Depths:4)
  A vampire (D:12)
  6 water elementals
  A shadow (D:10)
  6 flying skulls
  62 yaks
  2 culicivoras (Vaults:4)
  2 wyverns
  2 dire elephant simulacra (IceCv)
  A wraith (Abyss:3)
  12 basilisks
  9 chaos spawn
  7 ynoxinuls
  5 fire elementals
  4 golden eyes
  5 steam dragons
  9 vampire mosquitoes
  A death yak simulacrum (IceCv)
  5 wargs
  Menkaure (D:4)
  A harpy simulacrum (IceCv)
  20 swamp worms
  27 nagas
  2 neqoxecs (Abyss:4)
  3 acid dragons
  17 small abominations
  A floating eye (Slime:3)
  21 water moccasins
  Pargi (Sewer)
  A floating eye (shapeshifter) (Vaults:5)
  4 hell hounds
  36 orc warriors
  4 sky beasts
  10 swamp drakes
  A black bear (D:7)
  2 ice beasts
  15 ogres
  17 wolves
  11 starcursed masses
  20 centaurs
  15 kobold brigands
  12 bullfrogs
  A bullfrog (shapeshifter) (Vaults:5)
  2 earth elementals
  3 necrophages
  2 gnoll sergeants
  2 cane toad simulacra (IceCv)
  A two-headed ogre simulacrum (IceCv)
  3 scorpions
  11 wights
  30 killer bees
  An electric eel (Lair:5)
  2 howler monkeys (D:11)
  A lava snake (Swamp:4)
  A crimson imp (D:15)
  A quasit (Abyss:4)
  23 orc priests
  4 hounds
  2 gnoll shamans
  4 iguanas
  Natasha (thrice) (D:4)
  Terence (D:3)
  4 hell rats (Lair:5)
  26 orc wizards
  2 spriggan simulacra
  A boggart zombie (D:15)
  3 troll simulacra (IceCv)
  A wolf simulacrum (IceCv)
  A polar bear simulacrum (IceCv)
  Robin (D:2)
  22 gnolls
  11 adders
  2 naga simulacra (IceCv)
  A shadow imp (D:7)
  6 white imps
  2 ufetubi
  2 dart slugs
  80 orcs
  6 bats
  8 endoplasms
  3 giant cockroaches
  19 goblins
  11 hobgoblins
  9 jackals
  3 quokkas
  8 ball pythons
  A frilled lizard (shapeshifter) (D:13)
  6 frilled lizards
  17 kobolds
  6 rats
  2 lurking horrors
  12 starspawn tentacles
2326 creatures vanquished.

Vanquished Creatures (collateral kills)
  2 juggernauts
  Josephina (Depths:4)
  2 curse toes (Zot:5)
  A golden dragon (Depths:4)
  Jory (Depths:3)
  2 bone dragons
  A hellephant (Depths:4)
  2 tentacled monstrosities
  Zenata (Vaults:2)
  A lich (Abyss:4)
  A walking crystal tome (Depths:2)
  A quicksilver dragon (Vaults:5)
  2 Orb Guardians (Zot:5)
  2 titans (Vaults:5)
  A walking frostbound tome (Depths:3)
  An Executioner (Abyss:4)
  2 tentacled starspawn (Abyss:4)
  6 acid blobs
  A sphinx (shapeshifter) (Depths:4)
  2 death cobs
  A tengu reaver (Depths:4)
  A storm dragon (Zot:1)
  2 azure jellies
  A draconian monk (Zot:3)
  2 rockslimes (Slime:5)
  2 frost giants
  2 fire giants
  2 deep elf sorcerers
  A balrug (Abyss:4)
  4 vault wardens
  A draconian stormcaller (Depths:4)
  A draconian shifter (Zot:2)
  A stone giant (Depths:2)
  An ironbound preserver (Vaults:3)
  5 very ugly things
  An ironbound thunderhulk (Vaults:1)
  2 quicksilver oozes
  A green draconian (Zot:3)
  A deep elf annihilator (Elf:3)
  A deep elf demonologist (Elf:3)
  A purple draconian (Depths:4)
  2 dire elephants
  2 yellow draconians
  A white draconian (Zot:1)
  2 red draconians
  An eidolon (Abyss:4)
  5 deep elf death magi
  3 ettins
  A crystal guardian (Depths:3)
  A green death (Abyss:4)
  2 fire dragons (Depths:3)
  3 deep elf high priests
  A yaktaur captain (Vaults:4)
  2 jiangshi (Abyss:4)
  2 great orbs of eyes
  A rakshasa (Abyss:4)
  An ice dragon (Depths:2)
  A caustic shrike simulacrum (Depths:4)
  A two-headed ogre (Vaults:5)
  An ironbound frostheart (Vaults:2)
  A two-headed ogre (shapeshifter) (Depths:3)
  A tengu warrior (Depths:3)
  7 dancing weapons
  3 hell hogs (Depths:4)
  2 deep troll shamans
  A spriggan berserker (Depths:4)
  A vampire mage (Depths:4)
  4 thrashing horrors
  3 sun demons (Abyss:4)
  10 hell knights
  A deep elf knight (Vaults:1)
  A sixfirhy (Abyss:3)
  2 wretched stars (Abyss:4)
  2 spatial maelstroms (Abyss:4)
  3 iron trolls
  11 deep trolls
  A glowing orange brain (Depths:2)
  A lindwurm (Vaults:2)
  A deep elf archer (Vaults:1)
  2 ironbound convokers
  2 wizards
  A phantasmal warrior (Abyss:4)
  A deep elf zephyrmancer (Elf:3)
  3 deep elf pyromancers
  5 ugly things
  A necromancer (Depths:3)
  2 salamanders (Depths:4)
  A worldbinder (Abyss:4)
  5 vault sentinels
  3 smoke demons
  2 efreet (Abyss:4)
  A demonic crawler (Abyss:2)
  3 yaktaurs
  2 ancient zymes (Abyss:3)
  A tengu conjurer (Depths:4)
  5 starcursed masses
  A hornet (Depths:4)
  A shadow dragon simulacrum (Depths:4)
  24 slime creatures
  6 raiju (Abyss:4)
  A wraith (Abyss:4)
  3 neqoxecs
  A chaos spawn (Abyss:3)
  A golden eye (shapeshifter) (Depths:3)
  A golden eye (Slime:1)
  A warg (Vaults:5)
  10 large abominations
  6 small abominations
  A white imp (Abyss:4)
  2 ufetubi
  A worm (D:2)
  A starspawn tentacle (Abyss:4)
257 creatures vanquished.

Vanquished Creatures (others)
  A tentacled monstrosity (Zot:3)
  A naga warrior (Snake:4)
  A two-headed ogre (Vaults:5)
  A deep elf knight (Elf:1)
  A swamp dragon (Swamp:4)
  A lindwurm (Swamp:4)
  2 moths of wrath (Zot:1)
  A large abomination (Abyss:4)
  An unseen horror (D:11)
  3 bloated husks
  A steam dragon (Swamp:4)
  3 swamp drakes (Swamp:4)
  A small abomination (Abyss:4)
  A howler monkey (D:10)
  An ufetubus (IceCv)
  An orc (Orc:2)
  3 demonic plants (Abyss:2)
  25 foxfires
  40 fungi
  74 plants
  24 starspawn tentacles
187 creatures vanquished.

Grand Total: 2770 creatures vanquished

Notes
Turn   | Place    | Note
-------+----------+-------------------------------------------
     0 | D:1      | Ijustatesigmund the Gargoyle Earth Elementalist began the
                  | quest for the Orb.
     0 | D:1      | Reached XP level 1. HP: 10/10 MP: 3/3
   190 | D:1      | Reached XP level 2. HP: 15/15 MP: 3/5
   192 | D:1      | Reached skill level 4 in Earth Magic
   648 | D:1      | Found a faded altar of an unknown god.
   724 | D:1      | Reached XP level 3. HP: 19/19 MP: 4/6
   728 | D:1      | Learned a level 3 spell: Stone Arrow
  1224 | D:2      | Noticed Robin
  1238 | D:2      | Killed Robin
  1239 | D:2      | Reached skill level 1 in Conjurations
  1549 | D:2      | Found a burning altar of Makhleb.
  1580 | D:2      | Reached XP level 4. HP: 24/24 MP: 6/8
  1891 | D:2      | Reached skill level 5 in Fighting
  1891 | D:2      | Reached skill level 5 in Spellcasting
  1891 | D:2      | Reached skill level 5 in Conjurations
  1891 | D:2      | Reached skill level 7 in Earth Magic
  1891 | D:2      | Reached XP level 5. HP: 35/35 MP: 8/12
  2643 | D:3      | Reached skill level 5 in Maces & Flails
  2679 | D:3      | Found a glowing drain.
  2685 | D:3      | You fall into a shaft and drop 2 floors!
  2685 | D:5      | Entered Level 5 of the Dungeon
  2767 | D:4      | Reached XP level 6. HP: 40/40 MP: 10/14
  2791 | Sewer    | Entered a sewer
  2893 | Sewer    | Noticed Pargi
  2901 | Sewer    | Killed Pargi
  3227 | D:3      | Found an iron altar of Okawaru.
  3675 | D:3      | Identified the ring "Huontead" {rPois rC+ AC+4 Str+3}
  3704 | D:3      | Noticed Terence
  3710 | D:3      | Killed Terence
  3711 | D:3      | Reached XP level 7. HP: 45/45 MP: 15/15
  4088 | D:4      | Noticed Menkaure
  4095 | D:4      | Killed Menkaure
  4096 | D:4      | Reached skill level 8 in Earth Magic
  4397 | D:4      | Noticed Natasha
  4399 | D:4      | Killed Natasha
  4688 | D:4      | Noticed Natasha
  4692 | D:4      | Killed Natasha
  5045 | D:4      | Noticed Natasha
  5047 | D:4      | Killed Natasha
  5382 | D:3      | Reached XP level 8. HP: 51/51 MP: 10/16
  8272 | D:6      | Reached XP level 9. HP: 55/55 MP: 18/18
  8491 | D:7      | Found a staircase to the Ecumenical Temple.
  8502 | Temple   | Entered the Ecumenical Temple
  8677 | D:7      | Reached skill level 9 in Earth Magic
  8816 | D:7      | Reached skill level 1 in Armour
 10033 | D:8      | Noticed Prince Ribbit
 10041 | D:8      | Killed Prince Ribbit
 10193 | D:8      | Noticed a kobold demonologist
 10204 | D:8      | Reached XP level 10. HP: 59/60 MP: 14/20
 10220 | D:8      | Killed a kobold demonologist
 10256 | D:8      | Reached skill level 10 in Earth Magic
 10985 | D:9      | Noticed a two-headed ogre
 11539 | D:9      | Killed a two-headed ogre
 11540 | D:9      | Reached skill level 5 in Armour
 11564 | D:9      | Reached XP level 11. HP: 64/64 MP: 17/23
 12114 | D:10     | Entered Level 10 of the Dungeon
 12129 | D:10     | Identified the +5 war axe of Reruutobibb {vamp, Str+3
                  | Int+2}
 12806 | D:10     | Found a snail-covered altar of Cheibriados.
 12905 | D:10     | Found Pikhluf's Weapon Boutique.
 12905 | D:10     | Found Jeutumne's Antique Armour Boutique.
 12905 | D:10     | Found Hikheh's Magic Scroll Boutique.
 12906 | D:10     | Found Xuggar's Weapon Boutique.
 12918 | D:10     | Bought a scroll of identify for 28 gold pieces
 12918 | D:10     | Bought a scroll of teleportation for 42 gold pieces
 12918 | D:10     | Bought a scroll of teleportation for 42 gold pieces
 12918 | D:10     | Bought a scroll of identify for 28 gold pieces
 13448 | D:10     | Became a worshipper of Cheibriados the Contemplative
 13465 | D:10     | Reached skill level 1 in Axes
 13529 | D:11     | Noticed a cyclops
 13565 | D:11     | Killed a cyclops
 13566 | D:11     | Reached skill level 1 in Invocations
 13571 | D:11     | Reached skill level 11 in Earth Magic
 13640 | D:11     | Noticed Sonja
 13642 | D:11     | Killed Sonja
 13709 | D:11     | Found a staircase to the Lair.
 14372 | D:11     | Reached * piety under Cheibriados
 14374 | D:11     | Noticed a centaur warrior
 14630 | D:11     | Noticed a manticore
 14638 | D:11     | Killed a manticore
 14722 | D:11     | Noticed a manticore
 14726 | D:11     | Killed a manticore
 14800 | D:11     | Killed a centaur warrior
 14925 | D:11     | Found a staircase to the Orcish Mines.
 14936 | D:11     | Reached ** piety under Cheibriados
 15074 | D:12     | Noticed a manticore
 15079 | D:12     | Killed a manticore
 15217 | D:12     | Noticed an ogre mage
 15218 | D:12     | Noticed a two-headed ogre
 15218 | D:12     | Noticed a two-headed ogre
 15218 | D:12     | Noticed a two-headed ogre
 15220 | D:12     | Noticed a two-headed ogre
 15223 | D:12     | Paralysed by an ogre mage for 2 turns
 15229 | D:12     | Noticed a two-headed ogre
 15238 | D:12     | Killed an ogre mage
 15239 | D:12     | Reached XP level 12. HP: 37/72 MP: 24/24
 15495 | D:12     | Killed a two-headed ogre
 15563 | D:12     | Reached skill level 10 in Conjurations
 15703 | D:12     | Killed a two-headed ogre
 15709 | D:12     | Killed a two-headed ogre
 15712 | D:12     | Killed a two-headed ogre
 15713 | D:12     | Reached skill level 12 in Earth Magic
 15885 | D:12     | Killed a two-headed ogre
 16083 | D:12     | Found Bimoisat's Weapon Boutique.
 16564 | D:12     | Reached skill level 5 in Invocations
 16893 | D:13     | Noticed a boulder beetle
 16939 | D:13     | Killed a boulder beetle
 16939 | D:13     | Reached *** piety under Cheibriados
 17055 | D:13     | Noticed a two-headed ogre
 17060 | D:13     | Killed a two-headed ogre
 17123 | D:13     | Learned a level 2 spell: Passwall
 17599 | D:13     | Reached XP level 13. HP: 79/79 MP: 25/26
 17691 | D:13     | Reached skill level 5 in Axes
 18241 | D:14     | Noticed a purple very ugly thing
 18253 | D:14     | Killed a purple very ugly thing
 18534 | D:14     | Found a gate to the Vaults.
 18534 | D:14     | Noticed an ironbound preserver
 18554 | D:14     | Killed an ironbound preserver
 18999 | D:14     | Reached skill level 13 in Earth Magic
 19010 | D:14     | Reached skill level 10 in Spellcasting
 19442 | D:14     | Found a sacrificial altar of Ru.
 19900 | D:14     | Found a portal to a secret trove of treasure.
 19905 | Trove    | Entered a treasure trove
 19910 | Trove    | Identified the +2 falchion "Ikequl" {drain, Will+ Str+4}
 19918 | Trove    | Identified the +4 halberd "Sarcophage" {vamp, Str+3}
 20100 | Lair:1   | Entered Level 1 of the Lair of Beasts
 20998 | Lair:1   | You fall into a shaft and drop 1 floor!
 21667 | Lair:2   | Gained mutation: Your large and strong wings let you fly.
                  | [Gargoyle growth]
 21667 | Lair:2   | Reached XP level 14. HP: 36/86 MP: 17/28
 22940 | Lair:3   | Found a staircase to the Snake Pit.
 23254 | Lair:3   | Reached skill level 10 in Invocations
 23333 | Lair:3   | Noticed Nergalle
 23341 | Lair:3   | Killed Nergalle
 23839 | Lair:3   | Reached **** piety under Cheibriados
 23906 | Lair:3   | Identified a scroll of acquirement
 23906 | Lair:3   | Acquired the +2 cloak "Wism" {Drain Will+ rCorr Dex+4}
 24191 | Lair:3   | Reached skill level 10 in Armour
 24191 | Lair:3   | Reached ***** piety under Cheibriados
 24302 | Lair:3   | Identified the +8 chain mail of Teosoy {Dex+3}
 25015 | Lair:4   | Noticed Nessos
 25022 | Lair:4   | Killed Nessos
 25757 | Lair:4   | Reached XP level 15. HP: 80/92 MP: 29/29
 26441 | Lair:4   | Found a staircase to the Swamp.
 26917 | Lair:5   | Reached skill level 10 in Fighting
 27313 | Lair:5   | Found a viscous altar of Jiyva.
 27314 | Lair:5   | Found a staircase to the Slime Pits.
 27670 | Lair:6   | Entered Level 6 of the Lair of Beasts
 27677 | Lair:6   | Reached ****** piety under Cheibriados
 27758 | Lair:6   | Reached skill level 14 in Earth Magic
 27789 | Lair:6   | Found a frozen archway.
 27802 | IceCv    | Entered an ice cave
 28807 | IceCv    | Got Jauwir's Reference Book on the Snowflakes
 29663 | Lair:6   | Reached skill level 1 in Shields
 30092 | Lair:6   | Identified the +3 chain mail of Buthrin {rCorr Str+4}
 30144 | Lair:6   | Identified the +1 robe "Paklo" {Rampage rPois Regen+ Dex+2}
 30480 | Lair:6   | Found a corrupted altar of Lugonu.
 30480 | Lair:6   | Found a one-way gate to the infinite horrors of the Abyss.
 30485 | Lair:6   | Identified the +3 leather armour of the Will of the Gods
                  | {+Blink rF- Int+3 Dex+6}
 31530 | Orc:1    | Entered Level 1 of the Orcish Mines
 31580 | Orc:1    | Upgraded the game from 0.29-a0-581-ge9a90b782e to
                  | 0.29-a0-584-gb10a8bf730
 31618 | Orc:1    | Reached XP level 16. HP: 77/100 MP: 28/31
 31969 | Orc:2    | Entered Level 2 of the Orcish Mines
 32496 | Orc:2    | Found a runed translucent gate.
 32496 | Orc:2    | Paralysed by an orc sorcerer for 3 turns
 32516 | Orc:2    | Found a runed translucent gate.
 32534 | Orc:2    | Found a runed translucent gate.
 32666 | Orc:2    | Noticed stabb's ghost (novice DsFE)
 32686 | Orc:2    | Found Xutauq's Book Emporium.
 32687 | Orc:2    | Found Qasiul's Magic Scroll Shop.
 32687 | Orc:2    | Found Totsod's Weapon Shoppe.
 32690 | Orc:2    | Found Gerpham's Distillery.
 32696 | Orc:2    | Bought 2 potions of heal wounds for 170 gold pieces
 32698 | Orc:2    | Bought a scroll of acquirement for 676 gold pieces
 32698 | Orc:2    | Bought a scroll of poison for 45 gold pieces
 32698 | Orc:2    | Bought a scroll of poison for 45 gold pieces
 32716 | Orc:2    | Bought a book of Power for 630 gold pieces
 32723 | Orc:2    | Learned a level 6 spell: Iron Shot
 32833 | Orc:1    | Noticed Johnny's ghost (journeyman TrBe)
 32834 | Orc:1    | Found a runed translucent gate.
 32857 | Orc:1    | Found a runed translucent gate.
 32914 | Orc:1    | Found a runed translucent gate.
 32971 | Orc:1    | Killed Johnny's ghost
 33324 | Orc:2    | Reached skill level 1 in Summonings
 33565 | Orc:1    | Identified the +2 pair of boots of Integrity {rF+}
 33619 | Orc:2    | Found a staircase to the Elven Halls.
 34015 | Orc:2    | Killed stabb's ghost
 34648 | Snake:1  | Entered Level 1 of the Snake Pit
 35805 | Snake:1  | Acquired 976 gold pieces
 35810 | Snake:1  | Acquired the +4 helmet of the First Snow {rC+++ Will+
                  | Int-4}
 36063 | Snake:2  | Reached skill level 15 in Earth Magic
 36173 | Snake:2  | You are sucked into a shaft and drop 1 floor!
 38159 | Snake:2  | Noticed a nagaraja
 38163 | Snake:2  | Killed a nagaraja
 38517 | Snake:4  | Entered Level 4 of the Snake Pit
 38635 | Snake:4  | Reached XP level 17. HP: 106/106 MP: 28/32
 39698 | Snake:4  | Reached skill level 1 in Evocations
 40066 | Snake:4  | Reached skill level 16 in Earth Magic
 40183 | Snake:4  | Reached skill level 5 in Stealth
 40875 | Snake:4  | Learned a level 5 spell: Irradiate
 40891 | Snake:4  | Got a serpentine rune of Zot
 40899 | Snake:4  | Reached skill level 1 in Transmutations
 41319 | Swamp:1  | Entered Level 1 of the Swamp
 41322 | Swamp:1  | Noticed Xenipam's ghost (journeyman BaSu)
 41338 | Swamp:1  | Found a runed translucent door.
 41371 | Swamp:1  | Noticed a tentacled monstrosity
 41371 | Swamp:1  | Killed Xenipam's ghost
 41585 | Swamp:1  | Learned a level 7 spell: Spellforged Servitor
 41788 | Swamp:1  | Reached XP level 18. HP: 112/112 MP: 34/34
 42605 | Swamp:2  | Reached skill level 5 in Summonings
 43378 | Swamp:2  | Noticed Aizul
 43381 | Swamp:2  | Noticed Mlioglotl
 43386 | Swamp:2  | Killed Aizul
 43389 | Swamp:2  | Killed Mlioglotl
 44391 | Swamp:3  | Identified Roxanne's Reference Book on Changing
 44391 | Swamp:3  | Noticed Roxanne
 44411 | Swamp:3  | Identified the +0 tower shield of Boredom {Rampage Str+2}
 44411 | Swamp:3  | Noticed Louise
 44529 | Swamp:3  | Killed Roxanne
 44550 | Swamp:3  | Killed Louise
 45148 | Swamp:4  | Entered Level 4 of the Swamp
 45379 | Swamp:4  | Found a runed translucent door.
 45379 | Swamp:4  | Noticed Sat's ghost (adept DsGl)
 45455 | Swamp:4  | Killed Sat's ghost
 46208 | Swamp:4  | Reached skill level 10 in Summonings
 46885 | Swamp:4  | Got a decaying rune of Zot
 47235 | D:15     | Entered Level 15 of the Dungeon
 47496 | D:15     | Identified the +5 great sword "Kenweex" {vorpal, rPois
                  | Str+2 Int+4}
 47527 | D:15     | Reached XP level 19. HP: 116/116 MP: 35/35
 47548 | D:15     | Found Fieniel's Armour Boutique.
 48124 | D:15     | Found a runed translucent door.
 48128 | D:15     | Noticed Lyvi's ghost (journeyman DsBe)
 48137 | D:15     | Killed Lyvi's ghost
 48415 | D:15     | Found Wacaere's Armour Boutique.
 48529 | D:15     | Found a staircase to the Depths.
 48677 | Depths:1 | Entered Level 1 of the Depths
 49688 | Depths:1 | Reached skill level 5 in Dodging
 49713 | Depths:1 | Reached skill level 5 in Shields
 49875 | Depths:1 | Found a one-way gate leading to the halls of Pandemonium.
 50074 | Depths:1 | Found a gateway to Hell.
 50422 | Depths:2 | Noticed the Enchantress
 50431 | Depths:2 | Killed the Enchantress
 50822 | Depths:2 | Noticed a juggernaut
 50822 | Depths:2 | Noticed a walking crystal tome
 50831 | Depths:2 | Killed a juggernaut
 51208 | Depths:2 | Killed a walking crystal tome
 51209 | Depths:2 | Reached XP level 20. HP: 122/122 MP: 26/36
 51551 | Depths:2 | Got the Papyrus of the Soldier
 51559 | Depths:2 | Identified the +7 great mace of the Ring {distort, Str+2
                  | Stlth+}
 51857 | Depths:2 | Noticed a caustic shrike
 51868 | Depths:2 | Killed a caustic shrike
 53026 | Depths:2 | Found a runed translucent door.
 53030 | Depths:2 | Noticed a juggernaut
 53030 | Depths:2 | Noticed a dread lich
 53030 | Depths:2 | Noticed Amohu's ghost (veteran MiBe)
 53031 | Depths:2 | Noticed a caustic shrike
 53038 | Depths:2 | Found a runed translucent door.
 53652 | Depths:3 | Noticed a juggernaut
 53660 | Depths:3 | Killed a juggernaut
 54106 | Depths:3 | Identified the +4 chain mail of Wu Jian's Castigation
                  | {Will+ Int+4}
 54141 | Depths:4 | Entered Level 4 of the Depths
 54836 | Depths:3 | Noticed Jory
 54844 | Depths:3 | Killed Jory
 56249 | Depths:3 | Found the +3 crown of Dyrovepreva {rElec Int+2 SInv}
 56432 | Depths:4 | Found a runed translucent gate.
 56432 | Depths:4 | Found a runed translucent gate.
 56432 | Depths:4 | Found a runed translucent gate.
 56432 | Depths:4 | Noticed Helaemn's ghost (adept TeAE)
 56553 | Depths:4 | Noticed a hellephant
 56553 | Depths:4 | Noticed a hellephant
 56559 | Depths:4 | Reached XP level 21. HP: 87/132 MP: 27/37
 56921 | Depths:4 | Learned a level 8 spell: Lehudib's Crystal Spear
 57067 | Depths:4 | Noticed a golden dragon
 57074 | Depths:4 | Killed a golden dragon
 57075 | Depths:4 | Reached skill level 15 in Conjurations
 57234 | Depths:4 | Reached skill level 17 in Earth Magic
 57780 | Depths:4 | Identified the ring of Yquffikk {Ice Will- Dex+2 SInv
                  | Stlth+}
 57780 | Depths:4 | Noticed Josephina
 57785 | Depths:4 | Killed Josephina
 58067 | Depths:4 | Noticed a golden dragon
 58074 | Depths:4 | Killed a golden dragon
 58076 | Depths:4 | Found a gate to the Realm of Zot.
 58364 | Depths:4 | Noticed a golden dragon
 58371 | Depths:4 | Killed a golden dragon
 58373 | Depths:4 | Noticed a golden dragon
 58373 | Depths:4 | a golden dragon changed into an iron dragon
 58380 | Depths:4 | Noticed a juggernaut
 58397 | Depths:4 | Killed a juggernaut
 58601 | Depths:4 | Found a one-way gateway to a ziggurat.
 58842 | Depths:4 | Killed Helaemn's ghost
 59023 | Vaults:1 | Entered Level 1 of the Vaults
 59145 | Vaults:1 | Reached skill level 10 in Maces & Flails
 59739 | Vaults:1 | Reached XP level 22. HP: 88/138 MP: 23/38
 61443 | Vaults:2 | Reached skill level 18 in Earth Magic
 62071 | Vaults:2 | Identified the +3 scale mail of Defiance {rPois Will- Str+7
                  | SInv}
 62135 | Vaults:2 | Noticed Donald
 62141 | Vaults:2 | Killed Donald
 62960 | Vaults:2 | Noticed Zenata
 62967 | Vaults:2 | Killed Zenata
 63173 | D:10     | Bought a scroll of enchant armour for 105 gold pieces
 63173 | D:10     | Bought a scroll of torment for 105 gold pieces
 63173 | D:10     | Bought a scroll of acquirement for 728 gold pieces
 63176 | D:10     | Acquired Ijustatesigmund's Guide on Orientation and Combat
                  | Magic
 63856 | Vaults:3 | Found a staircase to the Crypt.
 63900 | Vaults:3 | Identified the +5 ring mail of Charmed Brilliance {Will++
                  | Dex-3 SInv Stlth+}
 64033 | Vaults:3 | Reached XP level 23. HP: 125/143 MP: 40/40
 64208 | Vaults:3 | Found Jutokh's Magic Scroll Shop.
 64211 | Vaults:3 | Bought a scroll of teleportation for 54 gold pieces
 64211 | Vaults:3 | Bought a scroll of poison for 63 gold pieces
 64211 | Vaults:3 | Bought a scroll of teleportation for 54 gold pieces
 64211 | Vaults:3 | Bought a scroll of magic mapping for 63 gold pieces
 64675 | Vaults:3 | Reached skill level 19 in Earth Magic
 65744 | Vaults:4 | Reached skill level 20 in Earth Magic
 66310 | Vaults:4 | Reached skill level 21 in Earth Magic
 67559 | Elf:1    | Entered Level 1 of the Elven Halls
 67612 | Elf:1    | You are sucked into a shaft and drop 1 floor!
 67746 | Elf:2    | Found a runed translucent gate.
 67746 | Elf:2    | Found a runed translucent gate.
 67746 | Elf:2    | Found a runed translucent gate.
 67777 | Elf:2    | Reached skill level 22 in Earth Magic
 68620 | Elf:1    | Noticed Jorgrun
 68626 | Elf:1    | Killed Jorgrun
 68631 | Elf:1    | Reached XP level 24. HP: 147/148 MP: 19/40
 68742 | Elf:1    | Reached skill level 23 in Earth Magic
 68880 | Elf:1    | Found Daehesh's General Store.
 68888 | Elf:1    | Found Tifuxunun's Distillery.
 68903 | Elf:1    | Bought a potion of brilliance for 72 gold pieces
 68903 | Elf:1    | Bought a potion of mutation for 144 gold pieces
 68903 | Elf:1    | Bought a potion of heal wounds for 90 gold pieces
 68903 | Elf:1    | Bought a potion of heal wounds for 90 gold pieces
 68903 | Elf:1    | Bought a potion of resistance for 180 gold pieces
 68903 | Elf:1    | Bought a potion of brilliance for 72 gold pieces
 69454 | Elf:2    | Found Yquis's Book Boutique.
 69689 | Elf:3    | Entered Level 3 of the Elven Halls
 69980 | Elf:3    | Cast into level 2 of the Abyss (a deep elf sorcerer)
 69991 | Abyss:2  | Learned a level 9 spell: Shatter
 72082 | Abyss:4  | Gained mutation: Your magical capacity is low. (-10% MP) [a
                  | cacodemon]
 72167 | Abyss:4  | Gained mutation: You sometimes lose the ability to read
                  | scrolls when taking damage. [a neqoxec]
 72520 | Abyss:4  | Gained mutation: Your spells are a little easier to cast,
                  | but a little less powerful. [a neqoxec]
 72682 | Abyss:4  | Noticed a dread lich
 72698 | Abyss:4  | Killed a dread lich
 72774 | Elf:3    | Escaped the Abyss
 73039 | Elf:3    | Lost mutation: You sometimes lose the ability to read
                  | scrolls when taking damage. [potion of mutation]
 73039 | Elf:3    | Lost mutation: Your spells are a little easier to cast, but
                  | a little less powerful. [potion of mutation]
 73039 | Elf:3    | Gained mutation: You are dopey. (Int -2) [potion of
                  | mutation]
 73040 | Elf:3    | Lost mutation: You are dopey. (Int -2) [potion of mutation]
 73040 | Elf:3    | Lost mutation: Your magical capacity is low. (-10% MP)
                  | [potion of mutation]
 73040 | Elf:3    | Gained mutation: You are robust. (+10% HP) [potion of
                  | mutation]
 73040 | Elf:3    | Gained mutation: Your spells are a little easier to cast,
                  | but a little less powerful. [potion of mutation]
 73180 | Elf:3    | Reached skill level 24 in Earth Magic
 73239 | Elf:3    | Identified the amulet "Meerron" {Reflect Rampage rF+ rCorr
                  | SH+5 Stlth+}
 73310 | Elf:3    | Found Picvenlumu's Antique Weapon Shoppe.
 73721 | Elf:3    | Identified the ring of Sontel {*Slow +Blink rElec rC+
                  | Dex+5}
 73755 | Elf:3    | Identified the ring of the Meager God {rF+ Will+ rCorr}
 73942 | Elf:3    | Found the +7 captain's cutlass {speed, disarm}
 73944 | Elf:3    | Found the +0 staff of Battle
 73960 | Elf:3    | Got the Papyrus of Dusty Feathers
 73962 | Elf:3    | Got The Second Course in Casting
 73967 | Elf:3    | Got the Guide on Ensnaring Calling
 73972 | Elf:3    | Got the Almanac of the Thirsty Beasts
 73973 | Elf:3    | Upgraded the game from 0.29-a0-584-gb10a8bf730 to
                  | 0.29-a0-609-gb56f46d856
 73998 | Elf:3    | Identified the +3 falchion of Disorder {vamp, *Slow rPois
                  | rF++ Int+4}
 74932 | Vaults:5 | Entered Level 5 of the Vaults
 74938 | Vaults:5 | Reached skill level 25 in Earth Magic
 74938 | Vaults:5 | Reached skill level 5 in Evocations
 75645 | Vaults:5 | Reached XP level 25. HP: 121/168 MP: 36/40
 75707 | Vaults:5 | Reached skill level 26 in Earth Magic
 75849 | Vaults:5 | Identified the +1 morningstar "Ecodiufo" {spect, Str+2
                  | Dex+3 Stlth+}
 76409 | Vaults:5 | Identified the +8 hunting sling of Wu Jian, Hammering
                  | {flame, rPois rN+ Dex-5 Stlth+}
 76979 | Vaults:5 | Noticed an ancient lich
 76983 | Vaults:5 | Killed an ancient lich
 77411 | Vaults:5 | Reached skill level 10 in Evocations
 77429 | Vaults:5 | Noticed a shard shrike
 77429 | Vaults:5 | an iron dragon changed into a shard shrike
 77433 | Vaults:5 | a shard shrike changed into a titan
 77740 | Vaults:5 | Learned a level 6 spell: Starburst
 77961 | Vaults:5 | Got Further Steps in Witchcraft
 78054 | Vaults:5 | Identified the +4 arbalest "Dragonslayer" {freeze, rElec
                  | rF+++ Str-5 Dex+4}
 78058 | Vaults:5 | Got a silver rune of Zot
 78099 | Vaults:5 | Identified the +2 kite shield of Orthodoxy {Harm Dex+4
                  | SInv}
 78262 | Vaults:5 | Learned a level 5 spell: Lee's Rapid Deconstruction
 78414 | Vaults:5 | Got the Almanac of Shifting Dislocation
 78848 | Slime:1  | Entered Level 1 of the Pits of Slime
 78857 | Slime:1  | Reached skill level 1 in Fire Magic
 79165 | Slime:2  | Reached skill level 27 in Earth Magic
 80564 | Slime:5  | Entered Level 5 of the Pits of Slime
 80789 | Slime:4  | Reached skill level 5 in Fire Magic
 81301 | Slime:4  | Reached XP level 26. HP: 171/174 MP: 32/40
 81546 | Slime:5  | Gained mutation: You are dopey. (Int -2) [a shining eye]
 81905 | Slime:5  | Found a viscous altar of Jiyva.
 81906 | Slime:5  | Noticed the Royal Jelly
 81955 | Slime:5  | Killed the Royal Jelly
 81998 | Slime:5  | Got Rastri Vikh's Almanac of Ice
 82136 | Slime:5  | Got a slimy rune of Zot
 82159 | Slime:5  | Identified the +4 spear of Charity {freeze, Dex+9}
 82924 | Zot:1    | Entered Level 1 of the Realm of Zot
 83467 | Zot:1    | Identified the +7 rapier "Ocsasaos" {vorpal, rPois Str+4
                  | Int-2 Stlth+}
 83479 | Zot:1    | Reached skill level 15 in Fighting
 84839 | Zot:2    | Reached skill level 10 in Shields
 84953 | Zot:2    | Reached skill level 10 in Fire Magic
 84959 | Zot:2    | Noticed an orb of fire
 84970 | Zot:2    | Gained mutation: Your magical capacity is low. (-10% MP)
                  | [an orb of fire]
 84971 | Zot:2    | Gained mutation: Your body sometimes deteriorates upon
                  | taking damage. [an orb of fire]
 84977 | Zot:2    | Gained mutation: Your magical capacity is very low. (-20%
                  | MP) [an orb of fire]
 84983 | Zot:2    | Killed an orb of fire
 85303 | Zot:2    | Noticed an orb of fire
 85310 | Zot:2    | Gained mutation: Your body often deteriorates upon taking
                  | damage. [an orb of fire]
 85312 | Zot:2    | Killed an orb of fire
 85313 | Zot:2    | Reached XP level 27. HP: 118/184 MP: 9/32
 86132 | Zot:3    | Noticed an orb of fire
 86137 | Zot:3    | Lost mutation: You are robust. (+10% HP) [an orb of fire]
 86138 | Zot:3    | Gained mutation: You do not regenerate when monsters are
                  | visible. [an orb of fire]
 86145 | Zot:3    | Gained mutation: You sometimes lose the ability to read
                  | scrolls when taking damage. [an orb of fire]
 86147 | Zot:3    | Killed an orb of fire
 89350 | Zot:5    | Entered Level 5 of the Realm of Zot
 89538 | Zot:4    | Gained mutation: You are weak. (Str -2) [mutagenic glow]
 89557 | Zot:4    | Gained mutation: You are very dopey. (Int -4) [mutagenic
                  | glow]
 90634 | Zot:5    | Noticed an orb of fire
 90653 | Zot:5    | Gained mutation: Armour fits poorly on your strangely
                  | shaped body. [an orb of fire]
 90654 | Zot:5    | Killed an orb of fire
 90680 | Zot:5    | Noticed an ancient lich
 90705 | Zot:5    | Killed from afar by an ancient lich

Illustrated notes

Levels and vault maps discovered:
D:1:      co_arrival_random_square_maze, layout_loops_corners,
          shapermc_ecumenical_altar_starsandcircs
D:2:      layout_basic, basic_altar, minivault_24, uniq_robin
D:3:      layout_loops_ring, mainiacjoe_overflow_boulevard,
          cheibrodos_sewer_entry_drain, hangedman_decor_diamond_cutter,
          kennysheep_nondescript, minmay_misc_feat_enclosed,
          guppyfry_early_lair_pool, uniq_terence
D:4:      layout_basic, nicolae_concentric_dashed_squares_wild, uniq_menkaure,
          uniq_natasha
D:5:      layout_basic
D:6:      layout_basic
D:7:      layout_rooms, minmay_temple_entry_glassed_door
D:8:      layout_basic, special_room [special_room_kobold], uniq_prince_ribbit1
D:9:      layout_cave_pools, serial_gnoll_camp, gnoll_camp_mini_hut,
          gnoll_camp_mini_hut, gnoll_camp_mini_doghouse,
          gnoll_camp_mini_doghouse
D:10:     layout_basic, cheibriados_altar_2, minmay_shop_grid_forest,
          minmay_circle_x
D:11:     layout_roguey, lair_entry_dummy, erik_orc_1, uniq_sonja
D:12:     layout_layer_cave, serial_shops, kennysheep_mini_moat,
          hangedman_decor_clover_reticule
D:13:     layout_rooms, kennysheep_nub
D:14:     layout_loops_ring, skrybe_vaults_entry_preservation, enter_trove_3,
          nicolae_figureground_sparkle, nicolae_ru_awakened_eye
D:15:     grunt_enter_depths_magical_seal, layout_irregular_city,
          ebering_ghost_inner_flame, serial_shops, nicolae_lakefront_shop, shop,
          grunt_decor_junction, minmay_misc_feat_doors,
          small_chamber_with_monster, lightli_wizard_tower
Temple:   regret_index_temple_chain_breaker
Lair:1:   layout_misc_corridors
Lair:2:   dpeg_oklob_shooting_range, layout_regular_city, nicolae_lair_lil_pond
Lair:3:   regret_index_wax_grids, layout_regular_city,
          minmay_snake_entry_six_corridors, pond, uniq_nergalle
Lair:4:   layout_roguey, palyth_hydra_swamp_entry, beast_lair_carwin_6,
          uniq_nessos
Lair:5:   layout_cave_shapes, dpeg_slime_entry_enclosed_altar,
          serial_bayou_shore_a
Lair:6:   hellmonk_lair_end_abyssal_woods, layout_hall_layers,
          portal_ice_cave_demonic_guard
Swamp:1:  layout_basic_swamp, hellmonk_ghost_happy_afterlife,
          hangedman_swamp_ruin_wall
Swamp:2:  layout_basic_swamp, evilmike_swamp_ruin_house_5, uniq_mlioglotl,
          uniq_aizul
Swamp:3:  layout_basic_swamp, evilmike_swamp_ruin_house_3, uniq_roxanne,
          uniq_louise
Swamp:4:  swamp_fiery, layout_basic_swamp, gammafunk_ghost_grave
Snake:1:  layout_honeycomb, nicolae_snake_yet_another_twisty_hallway
Snake:2:  layout_layer_cave, drop_trap, nicolae_snake_salamander_fort
Snake:3:  layout_chambers, nicolae_snake_slithery_hallway,
          nicolae_snake_slithery_corners, nicolae_snake_gridmaze_big_u,
          uniq_nikola
Snake:4:  snake_pit, layout_cave_town, serial_bayou_crossing
Slime:1:  layout_caves
Slime:2:  layout_caves, nicolae_slime_welcoming_committee
Slime:3:  layout_caves
Slime:4:  layout_caves
Slime:5
Orc:1:    layout_diamond_mine, biasface_ghost_orc_armoury,
          david_defended_altar_orc
Orc:2:    st_orc_rangers, layout_caves, ebering_ghost_rock_garden
Elf:1:    layout_geoelf_octagon, minmay_elf_sorcery,
          amcnicky_mini_rare_corridor_liquid, minmay_shoptagon, uniq_jorgrun
Elf:2:    elven_hall_of_blades_hangedman_original [nicolae_blade_bullseye],
          layout_geoelf_diagonals, serial_shops, nicolae_shop_statue_plus
Elf:3:    minmay_elf_hall_statues, layout_loops_corners, serial_shops,
          nicolae_shop_statue_plus, lemuel_flame_loot_1
Vaults:1: v_pattern_5, ontoclasm_vaults_loading_screen, vaults_dpeg_doors,
          vaults_room_hangedman_quadrants, hangedman_vaults_stream,
          nicolae_vaults_specimen_jars, hangedman_vaults_maws,
          hangedman_vaults_stretched_pinwheel, nicolae_vaults_little_ls,
          nicolae_vaults_angled_halls, nicolae_vaults_little_squares_4,
          vaults_room_semicircle, layout_vaults_big_cross
Vaults:2: v_misc_4, v_alt_pattern_5, nicolae_vaults_lopsided_apartments,
          vaults_mumra_hex, nicolae_vaults_three_branches, v_misc_8,
          vaults_mumra_minichess, v_pattern_3, layout_vaults_ring, uniq_zenata,
          uniq_donald
Vaults:3: v_misc_29, vaults_mumra_minichess_inversion,
          minmay_crypt_entry_nasty_monster, grunt_vaults_twisty,
          vaults_dpeg_diagonal, v_misc_26, nicolae_vaults_mini_display_case,
          vaults_dpeg_ring, vaults_room_pool, layout_vaults_omnigrid,
          serial_shops, nicolae_shop_crystal
Vaults:4: vaults_standard_mumra_enter_the_diamond, hangedman_vaults_slice,
          hangedman_vaults_capsules, v_pattern_2, vaults_standard_mumra_lines,
          v_misc_18, nicolae_vaults_minivaults,
          nicolae_vaults_diagonal_hallway_8, grunt_vaults_diagonal,
          layout_vaults_chaotic_city
Vaults:5: serial_shops
Depths:1: kennysheep_six_static_rooms, layout_cave_pools,
          rand_demon_pan_entry_8, hangedman_tar_grid_catacomb,
          chequers_serial_rivers_small_a, kennysheep_kite_vault
Depths:2: minmay_the_grid_net [minmay_the_grid_diamond_grid,
          minmay_the_grid_outer_circle, minmay_the_grid_eight,
          minmay_the_grid_spin_star, minmay_the_grid_rooms,
          minmay_the_grid_prize_four_corners_diamond_b], layout_twisted_cross,
          muffindrake_ghost_dual_entry, grunt_decor_arrowhead,
          rand_demon_pan_entry_4, pf_vacation_house_of_asmodeus,
          uniq_enchantress
Depths:3: minmay_crescents, layout_gridville, hell_entry,
          abyss_entry_small_statue_room, minmay_guarded_unrand_dyrovepreva,
          infiniplex_staircase_pool_lava, uniq_jory
Depths:4: grunt_zot_entry_tricorne, layout_cave_pools, enter_ziggurat_b,
          grunt_hell_horde, nicolae_abyss_entry_one_way_or_another,
          ebering_ghost_rock_garden, uniq_josephina
Zot:1:    lemuel_halls_of_wrath, layout_cellular_growth, grunt_megastairs_4
Zot:2:    layout_onion_interference, lemuel_elevator, grunt_megastairs_5
Zot:3:    layout_basic
Zot:4:    layout_gridlike
Zot:5:    layout_misc_corridors

Skill      XL: |  1  2  3  4  5  6  7  8  9 10 11 12 13 14 15 16 17 18 19 20 21 22 23 24 25 26 27 |
---------------+----------------------------------------------------------------------------------+-----
Earth Magic    | 4 7 8 9 10 11 12 13 14 15 16 17 18 22 25 27 | 27.0
Conjurations   | 1 5 6 7 8 9 10 11 12 13 14 15 16 | 16.9
Fighting       | 5 7 8 9 11 12 14 16 18 | 18.1
Maces & Flails | 4 5 11 13 | 13.0
Spellcasting   | 5 6 7 8 9 10 11 12 13 | 13.6
Dodging        | 2 3 4 6 |  6.7
Armour         | 3 5 7 10 11 12 | 12.2
Axes           | 3 4 5 6 7 |  7.1
Invocations    | 3 5 8 11 12 13 14 | 14.5
Shields        | 2 6 7 10 13 | 13.6
Summonings     | 3 4 10 12 14 | 14.5
Evocations     | 3 7 11 12 | 12.2
Stealth        | 5 |  5.3
Transmutations | 2 4 |  4.4
Fire Magic     | 5 10 13 | 13.0

Action                   |  1- 3 |  4- 6 |  7- 9 | 10-12 | 13-15 | 16-18 | 19-21 | 22-24 | 25-27 || total
-------------------------+-------+-------+-------+-------+-------+-------+-------+-------+-------++-------
Melee: Mace              |     4 |     3 |    27 |    96 |       |       |       |       |       ||   130
       Punch             |       |     2 |       |     5 |    10 |       |       |       |       ||    17
       War axe           |       |       |       |   288 |  1099 |   970 |   423 |       |       ||  2780
       Demon whip        |       |       |       |       |       |       |   280 |  2215 |  1420 ||  3915
 Cast: Sandblast         |    47 |    36 |    21 |     5 |     7 |     1 |    16 |    13 |       ||   146
       Stone Arrow       |       |    20 |   136 |   194 |   296 |    63 |    17 |     9 |    31 ||   766
       Passwall          |       |       |       |       |     1 |       |       |       |       ||     1
       Iron Shot         |       |       |       |       |       |   285 |   268 |   114 |    74 ||   741
       Irradiate         |       |       |       |       |       |    11 |    25 |    30 |    26 ||    92
       Spellforged Servi |       |       |       |       |       |       |    42 |    59 |    41 ||   142
       Lehudib's Crystal |       |       |       |       |       |       |       |    27 |    88 ||   115
       Shatter           |       |       |       |       |       |       |       |     5 |    27 ||    32
       Lee's Rapid Decon |       |       |       |       |       |       |       |       |     3 ||     3
       Starburst         |       |       |       |       |       |       |       |       |     1 ||     1
Invok: Bend Time         |       |       |       |     2 |       |     3 |       |       |       ||     5
       Slouch            |       |       |       |       |     3 |     4 |     1 |     1 |     8 ||    17
Evoke: Wand              |       |       |     1 |    21 |     3 |    21 |    19 |     8 |    13 ||    86
       Condenser vane    |       |       |       |       |       |       |       |       |     2 ||     2
  Use: Potion            |     2 |     1 |     1 |     3 |     3 |     3 |     6 |    10 |     8 ||    37
       Scroll            |       |     6 |    14 |    17 |    11 |     8 |    12 |     7 |    19 ||    94
 Stab: Distracted        |       |       |     1 |       |       |     1 |     9 |    13 |     9 ||    33
       Sleeping          |       |       |     1 |       |       |     1 |     3 |    12 |       ||    17
       Confused          |       |       |       |       |       |     1 |       |       |       ||     1
       Invisible         |       |       |       |       |       |       |       |       |     1 ||     1
Armor: Robe              |     7 |    11 |    23 |       |       |       |       |       |       ||    41
       Acid dragon scale |       |       |    10 |   375 |   127 |       |   366 |   847 |       ||  1725
       Fire dragon scale |       |       |       |       |  1028 |   910 |   343 |    88 |   821 ||  3190
Dodge: Dodged            |    14 |    20 |    52 |   284 |  1020 |   732 |   686 |  1059 |   597 ||  4464
Block: Other             |       |       |       |    74 |   335 |       |       |       |       ||   409
       Reflection        |       |       |       |     2 |     3 |   117 |    25 |    89 |    26 ||   262
       Buckler           |       |       |       |       |   146 |  1102 |   798 |  1332 |   787 ||  4165

Table legend: (Time is in decaauts)
 A = Elapsed time spent in this place.
 B = Non-inter-level travel time spent in this place.
 C = Inter-level travel time spent in this place.
 D = Time resting spent in this place.
 E = Time spent auto-exploring this place.
 F = Levels seen in this place.
 G = Mean time per level.
                   A        B        C        D        E       F      G
               +--------+--------+--------+--------+--------+-----+--------+
         Total | 118954 | 110019 |   8935 |  26078 |  64546 |  60 | 1982.6 |
       Dungeon |  26459 |  22486 |   3973 |   6397 |  12910 |  15 | 1763.9 |
        Temple |    153 |    134 |     19 |      0 |    117 |   1 |  153.0 |
          Lair |  14188 |  12972 |   1216 |   2319 |   8302 |   6 | 2364.7 |
         Swamp |   7615 |   7393 |    222 |   1714 |   4415 |   4 | 1903.8 |
     Snake Pit |  10130 |   9773 |    357 |   1869 |   6506 |   4 | 2532.5 |
    Slime Pits |   5165 |   4912 |    253 |   1468 |   2243 |   5 | 1033.0 |
  Orcish Mines |   3841 |   3564 |    277 |    795 |   1907 |   2 | 1920.5 |
   Elven Halls |   6153 |   5885 |    268 |    532 |   4213 |   3 | 2051.0 |
        Vaults |  16370 |  15200 |   1170 |   2098 |  10506 |   5 | 3274.0 |
        Depths |  13418 |  12583 |    835 |   4344 |   6197 |   4 | 3354.5 |
           Zot |  10037 |   9697 |    340 |   3364 |   4858 |   5 | 2007.4 |
         Abyss |   3232 |   3232 |      0 |    235 |   1820 |   3 | 1077.3 |
         Trove |     28 |     28 |      0 |      0 |      2 |   1 |   28.0 |
         Sewer |    344 |    344 |      0 |     15 |    205 |   1 |  344.0 |
      Ice Cave |   1815 |   1815 |      0 |    927 |    343 |   1 | 1815.0 |
               +--------+--------+--------+--------+--------+-----+--------+

Top non-repeatable levels by time:
Depths:2: 4488 daAuts
Vaults:5: 4013 daAuts
 Snake:4: 3462 daAuts
Depths:3: 3459 daAuts
Vaults:4: 3449 daAuts
  Lair:6: 3303 daAuts
  Lair:3: 3300 daAuts
Vaults:2: 3200 daAuts
 Snake:2: 3167 daAuts
    D:14: 3104 daAuts
    D:11: 3025 daAuts
Depths:4: 2960 daAuts
   Zot:3: 2931 daAuts
Vaults:3: 2909 daAuts
    D:12: 2828 daAuts
